 Dungeon Crawl Stone Soup version 0.27-a0-1347-gd8886f0a89 (webtiles) character file.

Game seed: 15431107234318649518

22 Brandom the Grave Robber (level 2, 0/24 HPs)
             Began as a Ghoul Wanderer on June 27, 2021.
             Slain by Terence (3 damage)
             ... on level 2 of the Dungeon.
             The game lasted 00:03:49 (1157 turns).

Brandom the Grave Robber (Ghoul Wanderer)           Turns: 1157, Time: 00:03:50

Health: 0/24       AC:  8    Str: 14    XL:     2   Next: 91%
Magic:  2/2        EV:  9    Int: 10    God:
Gold:   78         SH:  0    Dex:  6    Spells: 2/3 levels left

rFire    . . .     SeeInvis .     - Unarmed
rCold    + . .     Faith    .   (no shield)
rNeg     + + +     Spirit   .   b - +2 scale mail
rPois    ∞         Reflect  .   (no helmet)
rElec    .         Harm     .   (no cloak)
rCorr    .         Rampage  .   (no gloves)
Will     .....                  (no boots)
Stlth    ..........             (no amulet)
HPRegen  0.00/turn              (no ring)
MPRegen  0.08/turn              (no ring)

@: no status effects
A: claws 1, cold resistance 1, negative energy resistance 3, inhibited
regeneration, torment resistance 2
a: no special abilities


You were on level 2 of the Dungeon.
You visited 1 branch of the dungeon, and saw 2 of its levels.

You collected 78 gold pieces.

Inventory:

Hand Weapons
 a - a +0 club
Armour
 b - a +2 scale mail (worn)
Scrolls
 c - a scroll of teleportation {unknown}
 e - a scroll of immolation {unknown}
Potions
 d - a potion of berserk rage {unknown}
 f - a potion of invisibility {unknown}


   Skills:
 * Level 2.0 Fighting
 + Level 2.0 Armour
 + Level 0.4 Dodging
 - Level 1.0 Shields
 * Level 1.3 Unarmed Combat
 - Level 1.0 Spellcasting
 - Level 2.0 Necromancy
 - Level 1.5 Air Magic
 - Level 1.0 Evocations


You had 2 spell levels left.
You knew the following spells:

 Your Spells              Type           Power      Damage    Failure   Level
a - Summon Small Mammal   Summ           0%         N/A       82%         1

Your spell library contained the following spells:

 Spells                   Type           Power      Damage    Failure   Level
 Poisonous Vapours        Pois/Air       4%         N/A       85%         2
 Static Discharge         Conj/Air       2%         N/A       85%         2
 Summon Guardian Golem    Hex/Summ       0%         N/A       99%         3


Dungeon Overview and Level Annotations

Branches:
Dungeon (2/15)

Altars:

Annotations:
D:2 Terence


Innate Abilities, Weirdness & Mutations

You thrive by killing the living.
You are immune to poison.
You have sharp fingernails.
Your flesh is cold resistant. (rC+)
You are immune to negative energy. (rN+++)
You do not regenerate when monsters are visible.
You are immune to unholy pain and torment.


Message History

You now have 78 gold pieces (gained 18).
A goblin comes into view. It is wielding a +0 club.
The goblin shouts!
You hear a shout! x2
Terence the Incautious comes into view.
He is wielding a +1 vorpal hand axe.
Terence shouts!
Found a pair of embroidered gloves and a leather armour.
Okay, then.
Terence drinks a potion.
Terence seems to speed up.
You closely miss the goblin. Terence screams, "I want your blood!"
The goblin hits you but does no damage.
You closely miss the goblin. The goblin barely misses you.
You closely miss the goblin. The goblin closely misses you.
You barely miss the goblin. The goblin barely misses you.
You scratch the goblin. The goblin hits you with a +0 club.
You closely miss the goblin. The goblin barely misses you.
You scratch the goblin. The goblin hits you but does no damage.
You scratch the goblin.
You kill the goblin!
You feel better.
You closely miss Terence.
Terence hits you with a +1 vorpal hand axe.
You scratch Terence. Terence barely misses you.
Terence hits you but does no damage.
You scratch Terence but do no damage.
Terence hits you with a +1 vorpal hand axe.
Your scale mail prevents you from hitting Terence.
Terence hits you but does no damage. x2
You closely miss Terence. Terence hits you but does no damage.
You closely miss Terence.
Terence hits you with a +1 vorpal hand axe.
* * * LOW HITPOINT WARNING * * *
* * * LOW HITPOINT WARNING * * *
Terence hits you with a +1 vorpal hand axe.
* * * LOW HITPOINT WARNING * * *
* * * LOW HITPOINT WARNING * * *
You scratch Terence. Terence barely misses you.
Unknown command.
You closely miss Terence. Terence closely misses you.
Terence hits you with a +1 vorpal hand axe.
* * * LOW HITPOINT WARNING * * *
* * * LOW HITPOINT WARNING * * *
You scratch Terence. Terence hits you but does no damage.
Unknown command.
You scratch Terence. Terence misses you.
Unknown command.
You closely miss Terence. Terence closely misses you. x2
You scratch Terence but do no damage.
Terence hits you with a +1 vorpal hand axe.
You die...

#.. #.[ #...#.[
#.....############......
#.......##.............
.....####.##.............
... #...##............ .
#.#..#...........
#.##@#........# . #.
#.@........#.. ..
##.........#.# ..
#.........#.# ###
#.###.###.#.####. #.# #.#
#........ #.#
#.###†..##... .#..
#..........# ....
##..#.###### ##..##....#
###


You could see Terence (fast).

Vanquished Creatures
  A worm (D:2)
  2 ball pythons (D:1)
  A giant cockroach (D:1)
  2 goblins
  A hobgoblin (D:1)
  2 quokkas
  A bat (D:1)
  3 frilled lizards
  2 kobolds
  6 rats
21 creatures vanquished.

Notes
Turn   | Place    | Note
-------+----------+-------------------------------------------
     0 | D:1      | Brandom the Ghoul Wanderer began the quest for the Orb.
     0 | D:1      | Brandom set off with the following items: a +0 club, a +2
                  | scale mail; and the following spell memorised: Summon Small
                  | Mammal; and the following spells available to memorise:
                  | Poisonous Vapours, Static Discharge, Summon Guardian Golem
     0 | D:1      | Reached XP level 1. HP: 16/16 MP: 1/1
   367 | D:1      | Reached XP level 2. HP: 23/23 MP: 2/2
   497 | D:1      | Reached skill level 1 in Unarmed Combat
  1131 | D:2      | Noticed Terence
  1157 | D:2      | Slain by Terence

Illustrated notes

Levels and vault maps discovered:
D:1:      dpeg_arrival_leaves_temple_mockup, layout_basic
D:2:      layout_rooms, roderic_malta_cross, kennysheep_generic_room_2,
          uniq_terence

Skill      XL: |  1  2 |
---------------+-------+-----
Unarmed Combat | 1 |  1.3
Armour         | 2 |  2.0
Fighting       | 2 |  2.0
Dodging        | |  0.4
Shields        | |  1.0
Spellcasting   | |  1.0
Necromancy     | |  2.0
Air Magic      | |  1.5
Evocations     | |  1.0

Action                   || total
-------------------------++-------
Melee: Unarmed           ||   125
Armor: Scale mail        ||    50
Dodge: Dodged            ||    56

Table legend: (Time is in decaauts)
 A = Elapsed time spent in this place.
 B = Non-inter-level travel time spent in this place.
 C = Inter-level travel time spent in this place.
 D = Time resting spent in this place.
 E = Time spent auto-exploring this place.
 F = Levels seen in this place.
 G = Mean time per level.
                   A        B        C        D        E       F      G
               +--------+--------+--------+--------+--------+-----+--------+
         Total |   1153 |   1132 |     21 |    134 |    801 |   2 |  576.5 |
       Dungeon |   1153 |   1132 |     21 |    134 |    801 |   2 |  576.5 |
               +--------+--------+--------+--------+--------+-----+--------+

Top non-repeatable levels by time:
     D:1: 1006 daAuts
     D:2: 147 daAuts
